PCL
CALGARY COWBOYS @ LANSING LUGNUTS
08/11/2023
 
TOP OF THE 1ST
Calgary Cowboys batting - Pitching for Lansing Lugnuts : LHP Steve Haynes
Pitching: LHP Steve Haynes
Batting: RHB Clark Hodge 0-0: Ball
1-0: Ball
2-0: Called Strike
2-1: Ground out 6-3 (Groundball, 6)
Batting: RHB Mike Wilcox 0-0: Foul Ball, location: 2F
0-1: Fly out, F9 (Flyball, 9D)
Batting: RHB Dan Wyatt 0-0: Ball
1-0: Ball
2-0: Ball
3-0: Ground out 5-3 (Groundball, 56)
Top of the 1st over - 0 run(s), 0 hit(s), 0 error(s), 0 left on base; Calgary 0 - Lansing 0
BOTTOM OF THE 1ST
Lansing Lugnuts batting - Pitching for Calgary Cowboys : RHP Abraham Hes
Pitching: RHP Abraham Hes
Batting: LHB Jeffrey Satterley 0-0: Ball
1-0: Ball
2-0: Ball
3-0: Foul Ball, location: 2F
3-1: Base on Balls
Batting: RHB Gilberto López 0-0: Ball
1-0: Fly out, F8 (Flyball, 8LXD)
Batting: LHB Lewis Barr 0-0: Called Strike
0-1: Ball
1-1: Foul Ball, location: 2F
1-2: Ball
2-2: Strikes out swinging
Batting: RHB Jeff Packard 0-0: Called Strike
0-1: Fly out, F4 (Popup, 4)
Bottom of the 1st over - 0 run(s), 0 hit(s), 0 error(s), 1 left on base; Calgary 0 - Lansing 0
TOP OF THE 2ND
Calgary Cowboys batting - Pitching for Lansing Lugnuts : LHP Steve Haynes
Batting: RHB Cristián Peña 0-0: Ball
1-0: Ball
2-0: Ground out 4-3 (Groundball, 4)
Batting: LHB Al Ryan 0-0: Ball
1-0: Foul Ball, location: 2F
1-1: Called Strike
1-2: Strikes out swinging
Batting: RHB Steven Jennings 0-0: Ball
1-0: Fly out, F9 (Flyball, 89D)
Top of the 2nd over - 0 run(s), 0 hit(s), 0 error(s), 0 left on base; Calgary 0 - Lansing 0
BOTTOM OF THE 2ND
Lansing Lugnuts batting - Pitching for Calgary Cowboys : RHP Abraham Hes
Batting: LHB Damon Mitchell 0-0: Called Strike
0-1: Foul Ball, location: 2F
0-2: Ball
1-2: Ball
2-2: Ball
3-2: Base on Balls
Batting: RHB Júlio Caraballo 0-0: Ball
1-0: Ball
2-0: Foul Ball, location: 2F
2-1: Ball
3-1: Base on Balls
Damon Mitchell to second
Batting: RHB Taki Chikafuji 0-0: Fly out, F8 (Flyball, 8LM)
Batting: RHB Jim Tracy 0-0: Ball
1-0: Foul Ball, location: 2F
1-1: Called Strike
1-2: Strikes out looking
Batting: RHB Gordon Langley 0-0: Swinging Strike
0-1: Called Strike
0-2: Ball
1-2: Fly out, F7 (Line Drive, 7M)
Bottom of the 2nd over - 0 run(s), 0 hit(s), 0 error(s), 2 left on base; Calgary 0 - Lansing 0
TOP OF THE 3RD
Calgary Cowboys batting - Pitching for Lansing Lugnuts : LHP Steve Haynes
Batting: LHB Donald Schultz 0-0: Ball
1-0: Foul Ball, location: 2F
1-1: Ball
2-1: Foul Ball, location: 2F
2-2: Foul Ball, location: 2F
2-2: Foul Ball, location: 2F
2-2: Ground out 1-3 (Groundball, 23)
Batting: LHB Freddy Herrera 0-0: Foul Ball, location: 2F
0-1: Swinging Strike
0-2: Ball
1-2: Foul Ball, location: 2F
1-2: Ball
2-2: Ball
3-2: Strikes out swinging
Batting: RHB Tom Yarbrough 0-0: Called Strike
0-1: Swinging Strike
0-2: Ground out 1-3 (Groundball, 13S)
Top of the 3rd over - 0 run(s), 0 hit(s), 0 error(s), 0 left on base; Calgary 0 - Lansing 0
BOTTOM OF THE 3RD
Lansing Lugnuts batting - Pitching for Calgary Cowboys : RHP Abraham Hes
Batting: LHB Jeffrey Satterley 0-0: Ball
1-0: Foul Ball, location: 2F
1-1: Ground out 3-1 (Groundball, 34S)
Batting: RHB Gilberto López 0-0: Called Strike
0-1: Foul Ball, location: 2F
0-2: Ball
1-2: Foul Ball, location: 2F
1-2: Ball
2-2: Ball
3-2: Fly out, F9 (Flyball, 9LD)
Batting: LHB Lewis Barr 0-0: Foul Ball, location: 2F
0-1: Ball
1-1: Ball
2-1: Foul Ball, location: 2F
2-2: Strikes out swinging
Bottom of the 3rd over - 0 run(s), 0 hit(s), 0 error(s), 0 left on base; Calgary 0 - Lansing 0
TOP OF THE 4TH
Calgary Cowboys batting - Pitching for Lansing Lugnuts : LHP Steve Haynes
Batting: RHB Clark Hodge 0-0: Ball
1-0: Called Strike
1-1: Foul Ball, location: 2F
1-2: Ball
2-2: Reached on Error, E8 (Flyball, 8LM)
Batting: RHB Mike Wilcox 0-0: Foul Ball, location: 2F
0-1: Ball
1-1: Ball
2-1: Foul Ball, location: 2F
2-2: Foul Ball, location: 2F
2-2: Ball
3-2: Foul Ball, location: 2F
3-2: Foul Ball, location: 2F
3-2: Base on Balls
Clark Hodge to second
Batting: RHB Dan Wyatt 0-0: Foul Ball, location: 2F
0-1: Ball
1-1: Ball
2-1: Foul Ball, location: 2F
2-2: Fielders Choice at 2nd, 1-4 (Groundball, 15)
Clark Hodge to third
Batting: RHB Cristián Peña 0-0: SINGLE (Line Drive, 6MD)
Clark Hodge scores
Dan Wyatt to second
Batting: LHB Al Ryan 0-0: Ball
1-0: Foul Ball, location: 2F
1-1: Ball
2-1: Grounds into double play, 4-6-3 (Groundball, 4)
Top of the 4th over - 1 run(s), 1 hit(s), 1 error(s), 1 left on base; Calgary 1 - Lansing 0
BOTTOM OF THE 4TH
Lansing Lugnuts batting - Pitching for Calgary Cowboys : RHP Abraham Hes
Batting: RHB Jeff Packard 0-0: Foul Ball, location: 2F
0-1: Ground out 3-1 (Groundball, 34)
Batting: LHB Damon Mitchell 0-0: Called Strike
0-1: Ball
1-1: Swinging Strike
1-2: Ground out U3 (Groundball, 3)
Batting: RHB Júlio Caraballo 0-0: Called Strike
0-1: DOUBLE (Flyball, 78XD)
Batting: RHB Taki Chikafuji 0-0: Ball
1-0: Ball
2-0: SINGLE (Groundball, 56D)
Júlio Caraballo to third
Runner from 3rd tries for Home, SAFE, no throw or cutoff
Batting: RHB Jim Tracy 0-0: Ball
1-0: Ball
2-0: Ball
3-0: Called Strike
3-1: Called Strike
3-2: Ground out 3-1 (Groundball, 34)
Bottom of the 4th over - 1 run(s), 2 hit(s), 0 error(s), 1 left on base; Calgary 1 - Lansing 1
TOP OF THE 5TH
Calgary Cowboys batting - Pitching for Lansing Lugnuts : LHP Steve Haynes
Batting: RHB Steven Jennings 0-0: Ball
1-0: Ball
2-0: SINGLE (Groundball, 56D)
Batting: LHB Donald Schultz 0-0: Ball
1-0: Foul Ball, location: 2F
1-1: Ground out U3 (Groundball, 3S)
Steven Jennings to second
Batting: LHB Freddy Herrera 0-0: Foul Ball, location: 2F
0-1: Ball
1-1: DOUBLE (Line Drive, 8LM)
Steven Jennings scores
Batting: RHB Tom Yarbrough 0-0: Ground out 6-3 (Groundball, 6)
Batting: RHB Clark Hodge 0-0: Called Strike
0-1: Ball
1-1: Ball
2-1: Foul Ball, location: 2F
2-2: Foul Ball, location: 2F
2-2: Foul Ball, location: 2F
2-2: Strikes out swinging
Top of the 5th over - 1 run(s), 2 hit(s), 0 error(s), 1 left on base; Calgary 2 - Lansing 1
BOTTOM OF THE 5TH
Lansing Lugnuts batting - Pitching for Calgary Cowboys : RHP Abraham Hes
Batting: RHB Gordon Langley 0-0: Called Strike
0-1: Ball
1-1: Foul Ball, location: 2F
1-2: Strikes out swinging
Batting: LHB Jeffrey Satterley 0-0: Ball
1-0: Ball
2-0: DOUBLE (Line Drive, 3L)
Batting: RHB Gilberto López 0-0: Ball
1-0: Ball
2-0: Foul Ball, location: 2F
2-1: Ball
3-1: Called Strike
3-2: Base on Balls
Batting: LHB Lewis Barr 0-0: Ball
Jeffrey Satterley steals 3rd base
Gilberto López to second
1-0: Swinging Strike
1-1: Ball
2-1: Ground out 4-3 (Groundball, 13)
Jeffrey Satterley scores
Gilberto López to third
Batting: RHB Jeff Packard 0-0: Called Strike
0-1: Ball
1-1: Ball
2-1: Fly out, F4 (Popup, 4MD)
Bottom of the 5th over - 1 run(s), 1 hit(s), 0 error(s), 1 left on base; Calgary 2 - Lansing 2
TOP OF THE 6TH
Calgary Cowboys batting - Pitching for Lansing Lugnuts : LHP Steve Haynes
Batting: RHB Mike Wilcox 0-0: Called Strike
0-1: Foul Ball, location: 2F
0-2: Strikes out looking
Batting: RHB Dan Wyatt 0-0: Swinging Strike
0-1: Fly out, F5 (Line Drive, 5)
Batting: RHB Cristián Peña 0-0: SINGLE (Groundball, 4M)
Batting: LHB Al Ryan 0-0: Ball
1-0: Ball
2-0: Called Strike
2-1: Ball
3-1: Fly out, F2 (Popup, 23F)
Top of the 6th over - 0 run(s), 1 hit(s), 0 error(s), 1 left on base; Calgary 2 - Lansing 2
BOTTOM OF THE 6TH
Lansing Lugnuts batting - Pitching for Calgary Cowboys : RHP Abraham Hes
Batting: LHB Damon Mitchell 0-0: Ball
1-0: Called Strike
1-1: Ground out 3-1 (Groundball, 34)
Batting: RHB Júlio Caraballo 0-0: Ball
1-0: Ball
2-0: Ball
3-0: Base on Balls
Batting: RHB Taki Chikafuji 0-0: Ball
1-0: Fielders Choice at 2nd, 6-4 (Groundball, 56)
Batting: RHB Jim Tracy 0-0: Ball
1-0: Foul Ball, location: 2F
1-1: Swinging Strike
1-2: Fly out, F3 (Popup, 3F)
Bottom of the 6th over - 0 run(s), 0 hit(s), 0 error(s), 1 left on base; Calgary 2 - Lansing 2
TOP OF THE 7TH
Calgary Cowboys batting - Pitching for Lansing Lugnuts : LHP Steve Haynes
Batting: RHB Steven Jennings 0-0: Fly out, F7 (Flyball, 7LS)
Pinch Hitting: RHB Ramón Martínez 0-0: Ball
1-0: Called Strike
1-1: Foul Ball, location: 2F
1-2: Ball
2-2: Ball
3-2: Strikes out swinging
Pinch Hitting: RHB Mario Sánchez 0-0: Ball
1-0: Foul Ball, location: 2F
1-1: Ball
2-1: Foul Ball, location: 2F
2-2: SINGLE (Groundball, 6MD)
Pitching: LHP Craig Bowling
Pinch Hitting: RHB Shayne Burry 0-0: Foul Ball, location: 2F
0-1: Ball
1-1: Ball
2-1: Swinging Strike
2-2: Ball
3-2: Base on Balls
Mario Sánchez to second
Batting: RHB Clark Hodge 0-0: Called Strike
0-1: Called Strike
0-2: Strikes out looking
Top of the 7th over - 0 run(s), 1 hit(s), 0 error(s), 2 left on base; Calgary 2 - Lansing 2
BOTTOM OF THE 7TH
Lansing Lugnuts batting - Pitching for Calgary Cowboys : RHP Abraham Hes
Pitching: RHP Richard Boyd
Now at 3B: Ramón Martínez
Now at SS: Iain Liefting
Now in LF: Mario Sánchez
Batting: RHB Gordon Langley 0-0: Called Strike
0-1: Foul Ball, location: 2F
0-2: Ball
1-2: Ball
2-2: Ball
3-2: Foul Ball, location: 2F
3-2: SINGLE (Groundball, 6M)
Batting: LHB Jeffrey Satterley 0-0: Ball
1-0: Grounds into double play, 4-6-3 (Groundball, 4)
Batting: RHB Gilberto López 0-0: Called Strike
0-1: Foul Ball, location: 2F
0-2: Foul Ball, location: 2F
0-2: Strikes out swinging
Bottom of the 7th over - 0 run(s), 1 hit(s), 0 error(s), 0 left on base; Calgary 2 - Lansing 2
TOP OF THE 8TH
Calgary Cowboys batting - Pitching for Lansing Lugnuts : LHP Craig Bowling
Batting: RHB Mike Wilcox 0-0: Called Strike
0-1: Swinging Strike
0-2: Strikes out swinging
Batting: RHB Dan Wyatt 0-0: Foul Ball, location: 2F
0-1: SINGLE (Line Drive, 4MD)
Batting: RHB Cristián Peña 0-0: Called Strike
0-1: Ball
1-1: Foul Ball, location: 2F
1-2: Ball
2-2: Foul Ball, location: 2F
2-2: Foul Ball, location: 2F
2-2: Foul Ball, location: 2F
2-2: Strikes out swinging
Batting: LHB Al Ryan 0-0: Ball
1-0: Called Strike
1-1: Ground out 5-3 (Groundball, 5S)
Top of the 8th over - 0 run(s), 1 hit(s), 0 error(s), 1 left on base; Calgary 2 - Lansing 2
BOTTOM OF THE 8TH
Lansing Lugnuts batting - Pitching for Calgary Cowboys : RHP Richard Boyd
Batting: LHB Lewis Barr 0-0: Called Strike
0-1: Ground out 6-3 (Groundball, 56)
Batting: RHB Jeff Packard 0-0: Foul Ball, location: 2F
0-1: Ball
1-1: Ball
2-1: Foul Ball, location: 2F
2-2: Ball
3-2: Strikes out swinging
Batting: LHB Damon Mitchell 0-0: Ground out U3 (Groundball, 3L)
Bottom of the 8th over - 0 run(s), 0 hit(s), 0 error(s), 0 left on base; Calgary 2 - Lansing 2
TOP OF THE 9TH
Calgary Cowboys batting - Pitching for Lansing Lugnuts : LHP Craig Bowling
Pitching: RHP Paul McKee
Batting: RHB Steven Jennings 0-0: Foul Ball, location: 2F
0-1: Called Strike
0-2: Strikes out swinging
Batting: RHB Ramón Martínez 0-0: Ball
1-0: Called Strike
1-1: Ball
2-1: Foul Ball, location: 2F
2-2: Foul Ball, location: 2F
2-2: Foul Ball, location: 2F
2-2: Strikes out swinging
Batting: RHB Mario Sánchez 0-0: Foul Ball, location: 2F
0-1: DOUBLE (Flyball, 9LM)
Pinch Hitting: RHB Jesús Hernández 0-0: Ground out 4-3 (Groundball, 4M)
Top of the 9th over - 0 run(s), 1 hit(s), 0 error(s), 1 left on base; Calgary 2 - Lansing 2
BOTTOM OF THE 9TH
Lansing Lugnuts batting - Pitching for Calgary Cowboys : RHP Richard Boyd
Now at 3B: Jesús Hernández
Batting: RHB Júlio Caraballo 0-0: Foul Ball, location: 2F
0-1: Ball
1-1: SOLO HOME RUN (Line Drive, 7LD), Distance : 396 ft
This league is powered by Out of the Park Baseball, the baseball management simulation game for PC, Mac and Linux
Wednesday, December 2nd, 2015 - OOTP Baseball 16.8 Build 38